 Dungeon Crawl Stone Soup version 0.30.1-11-g7821555f0a (webtiles) character file.

Game seed: 7391815655683341459

116 KyoPewz the Vexing (level 4, -3/18 HPs)
             Began as a Felid Enchanter on Oct 29, 2023.
             Slain by a black bear (5 damage)
             ... on level 3 of the Dungeon.
             The game lasted 00:19:28 (4126 turns).

KyoPewz the Vexing (Felid Enchanter)                Turns: 4126, Time: 00:19:29

Health: -3/18      AC:  1    Str:  4    XL:     4   Next: 70%
Magic:  6/8        EV: 17    Int: 16    God:
Gold:   205        SH:  0    Dex: 18    Spells: 2/7 levels left
                                        Lives:  0   Deaths: 1

rFire   . .          .
                       - Unarmed
rCold   . . .        (shield unavailable)
rNeg    . . .        (body armour unavailable)
rPois   .            (helmet unavailable)
rElec   .            (cloak unavailable)
rCorr   .            (gloves unavailable)
SInv    +            (boots unavailable)
Will    .....        (no amulet)
Stlth   +++          (no ring)
HPRegen 0.23/turn    (no ring)
MPRegen 0.11/turn

%: no passive effects
@: quick
A: very small, claws 1, fangs 3, see invisible, speed 1, shaggy fur 1, stealthy
paws, no weapons or thrown items, no armour, multi-lived
a: no special abilities


You were on level 3 of the Dungeon.
You visited 1 branch of the dungeon, and saw 3 of its levels.

You collected 205 gold pieces.

Inventory:

Jewellery
 k - a +6 ring of strength
Scrolls
 b - a scroll of fear {unknown}
 d - a scroll of vulnerability {unknown}
 e - a scroll of blinking {unknown}
 f - 3 scrolls of teleportation {unknown}
 g - a scroll of brand weapon {unknown}
 h - a scroll of immolation {unknown}
 l - a scroll of enchant armour {unknown}
 n - a scroll of identify {unknown}
 o - a scroll of enchant weapon {unknown}
Potions
 a - 3 potions of invisibility
 c - 4 potions of curing {unknown}
 i - a potion of ambrosia {unknown}
 j - a potion of berserk rage {unknown}
 m - a potion of cancellation {unknown}
 p - a potion of attraction {unknown}


   Skills:
 - Level 2.6 Dodging
 + Level 5.1 Stealth
 + Level 2.2 Unarmed Combat
 - Level 2.0 Spellcasting
 + Level 6.2 Hexes
 + Level 2.4 Ice Magic


You had 2 spell levels left.
You knew the following spells:

 Your Spells              Type           Power      Damage    Failure   Level
a - Ensorcelled Hibernat  Hex/Ice        30%        N/A       5%          2
b - Tukima's Dance        Hex            21%        N/A       4%          3

Your spell library contained the following spells:

 Spells                   Type           Power      Damage    Failure   Level
 Freeze                   Ice            36%        1d5       8%          1
 Apportation              Tloc           2%         N/A       21%         1
 Necrotise                Necr           4%         1d4       21%         1
 Summon Small Mammal      Summ           4%         N/A       21%         1
 Confusing Touch          Hex            21%        N/A       4%          3
 Dazzling Flash           Conj/Hex       22%        N/A       17%         3
 Frozen Ramparts          Ice            18%        1d3       24%         3
 Hailstorm                Conj/Ice       5%         3d4       36%         3
 Vhi's Electric Charge    Tloc/Air       2%         N/A       52%         3
 Arcjolt                  Conj/Air       0%         1d10      99%         5
 Maxwell's Capacitive Co  Air            0%         ∞         100%        8


Dungeon Overview and Level Annotations

Branches:
Dungeon (3/15)

Altars:
Sif Muna

Shops:
D:3 (


Innate Abilities, Weirdness & Mutations

You have sharp claws.
You have razor-sharp teeth.
You have supernaturally acute eyesight. (SInv)
You cover ground quickly. (Speed+)
You are covered in fur. (AC +1)
Your paws help you pounce on unaware monsters.
You are incapable of wielding weapons or throwing items.
You cannot wear armour.
You gain extra lives every three experience levels.


Message History

Casting: Ensorcelled Hibernation (safe; 5% risk of failure)
Confirm with . or Enter, or press ? or * to list all spells.
Aiming: Ensorcelled Hibernation (safe; 5% risk of failure)
Press: ? - help, Shift-Dir - straight line, f/p - black bear
Aim: a black bear (heavily wounded, chance to affect: 49%)
The black bear looks drowsy...
You now have 4/8 mp.
The helpless black bear fails to defend itself.
You claw the black bear!
The black bear is almost dead.
The black bear misses you. The black bear closely misses you.
The black bear completely misses you.
The black bear goes berserk!
The black bear rages.
The black bear attacks as you move away!
The black bear completely misses you. The black bear closely misses you.
The black bear misses you. The black bear barely misses you.
The black bear claws you. The black bear misses you.
You take 4 damage, and have 14/18 hp.
MASSIVE DAMAGE!!
The black bear attacks as you move away!
The black bear bites you!
Ouch! That really hurt!
* * * LOW HITPOINT WARNING * * *
The black bear claws you.
* * * LOW HITPOINT WARNING * * *
The black bear claws you.
* * * LOW HITPOINT WARNING * * *
You take 13 damage, and have 1/18 hp.
MASSIVE DAMAGE!!
Casting: Ensorcelled Hibernation (safe; 5% risk of failure)
Confirm with . or Enter, or press ? or * to list all spells.
You can't see any susceptible monsters within range! (Use Z to cast anyway.) Unknown command.
You barely miss the black bear. You bite the black bear.
The black bear is almost dead.
The black bear misses you.
The black bear completely misses you. x2
You closely miss the black bear.
The black bear is almost dead.
The black bear closely misses you. The black bear claws you.
You die...

#.P#..# #.P#..# ##### ##P#..#
##############...### #..#
...................####..##
#'###.....................#
....#.....................#######
....#...........................#
#'##'...........@h........#####..
.#..#)......####.#........# ###
+#..#.......## #.#.###....#######
.#..#.......##.#.#.####..........
.+..'.......#.P#.#...#..#########
.#..#......)#..#..............##.
'#..#.......#..#.......######....
.#..#.....####.#......########...
#+##+.###).### #...##.#..........


You could see a black bear (berserk).

Vanquished Creatures
  Jessica (D:3)
  5 gnolls
  2 adders (D:3)
  A worm (D:3)
  3 dart slugs
  An orc (D:3)
  6 ball pythons
  5 endoplasms
  5 giant cockroaches
  8 goblins
  7 hobgoblins
  2 quokkas
  6 bats
  A frilled lizard (D:1)
  7 kobolds
  12 rats
72 creatures vanquished.

Vanquished Creatures (collateral kills)
  A goblin (D:3)
1 creature vanquished.

Vanquished Creatures (others)
  2 dancing weapons
2 creatures vanquished.

Grand Total: 75 creatures vanquished

Notes
Turn   | Place    | Note
-------+----------+-------------------------------------------
     0 | D:1      | KyoPewz the Felid Enchanter began the quest for the Orb.
     0 | D:1      | Reached XP level 1. HP: 7/7 MP: 4/4
   205 | D:1      | Reached XP level 2. HP: 11/11 MP: 6/6
   208 | D:1      | Learned a level 2 spell: Ensorcelled Hibernation
   614 | D:1      | Reached skill level 1 in Ice Magic
   625 | D:1      | Reached XP level 3. HP: 14/14 MP: 7/7
   629 | D:1      | Learned a level 3 spell: Tukima's Dance
   800 | D:1      | Reached skill level 5 in Hexes
  1176 | D:2      | You fall into a shaft and drop 1 floor!
  1191 | D:3      | Found Juliygh's Weapon Emporium.
  1745 | D:1      | Reached XP level 4. HP: 10/18 MP: 3/8
  3186 | D:3      | Noticed a black bear
  3278 | D:3      | Slain by a black bear
  3279 | D:3      | Reached XP level 3. HP: 0/14 MP: 6/7
  3504 | D:3      | Found a shimmering blue altar of Sif Muna.
  3518 | D:3      | Reached skill level 6 in Hexes
  3522 | D:3      | Reached XP level 4. HP: 15/18 MP: 2/8
  3638 | D:3      | Noticed Jessica
  3650 | D:3      | Killed Jessica
  3651 | D:3      | Reached skill level 5 in Stealth
  4126 | D:3      | Slain by a black bear

Illustrated notes

Levels and vault maps discovered:
D:1:      dpeg_arrival_ratfight, layout_loops_ring, minmay_small_reverse_x
D:2:      layout_basic, minmay_misc_feat_plants, hangedman_decor_slide_cut
D:3:      layout_rooms, mainiacjoe_overflow_24_doors, trog_antimagical,
          serial_aquarium, aquarium_bridge_long_separate
          [aquarium_subvault_bridge, aquarium_subvault_wall,
          aquarium_subvault_wall, aquarium_subvault_wall,
          aquarium_subvault_bridge, aquarium_subvault_balcony],
          aquarium_window_1, aquarium_window_1, aquarium_window_1,
          aquarium_window_3, aquarium_view_2b, aquarium_view_2d, serial_shops,
          shop, st_stairs_14, uniq_jessica

Skill      XL: |  1  2  3  4 |
---------------+-------------+-----
Ice Magic      | 1 2 |  2.4
Hexes          | 6 |  6.2
Unarmed Combat | 2 |  2.2
Stealth        | 5 |  5.1
Dodging        | |  2.6
Spellcasting   | |  2.0

Action                     |  1- 3 |  4- 6 || total
---------------------------+-------+-------++-------
  Melee: Unarmed           |   144 |    61 ||   205
         Bite              |     9 |     9 ||    18
         Punch             |     3 |     2 ||     5
   Cast: Ensorcelled Hiber |    14 |    11 ||    25
         Tukima's Dance    |     2 |     1 ||     3
   Stab: Sleeping          |    22 |    11 ||    33
         Distracted        |     1 |       ||     1
 Armour: Skin              |     8 |     3 ||    11
  Dodge: Dodged            |    97 |    42 ||   139
